 Dungeon Crawl Stone Soup version 0.27-a0-93-g19769c27d7 (webtiles) character file.

Game seed: 4641318473632026659

9 dickylongcocking the Ducker (level 2, 0/14 HPs)
             Began as a Felid Monk on Jan 16, 2021.
             Slain by a jackal (1 damage)
             ... on level 1 of the Dungeon.
             The game lasted 00:00:25 (430 turns).

dickylongcocking the Ducker (Felid Monk)             Turns: 430, Time: 00:00:26

Health: 0/14       AC:  1    Str:  5 (7)  XL:     2   Next: 6%
Magic:  3/3        EV: 19    Int:  9 (11) God:
Gold:   21         SH:  0    Dex: 16 (18) Spells: 1/1 levels left
                                        Lives:  0   Deaths: 0

rFire    . . .     SeeInvis +     - Unarmed
rCold    . . .     Faith    .   (shield unavailable)
rNeg     . . .     Spirit   .   (armour unavailable)
rPois    .         Reflect  .   (helmet unavailable)
rElec    .         Harm     .   (cloak unavailable)
rCorr    .         Rampage  .   (gloves unavailable)
Will     .....                  (boots unavailable)
Stlth    +++.......             (no amulet)
HPRegen  0.04/turn              (no ring)
MPRegen  0.08/turn              (no ring)

@: quick
A: very small, no armour, no weapons or thrown items, stealth, claws 1, fangs 3,
see invisible, speed 1, shaggy fur 1, sharp paws
a: no special abilities


You were on level 1 of the Dungeon.
You visited 1 branch of the dungeon, and saw 1 of its levels.

You collected 21 gold pieces.

Inventory:

Scrolls
 b - a scroll of enchant armour {unknown}
 c - a scroll of fear {unknown}
 d - a scroll of amnesia {unknown}


   Skills:
 - Level 3.0 Fighting
 - Level 4.0 Dodging
 - Level 2.6 Stealth
 * Level 3.6 Unarmed Combat


You had one spell level left.
You didn't know any spells.
Your spell library was empty.

Dungeon Overview and Level Annotations

Branches:
Dungeon (1/15)

Altars:


Innate Abilities, Weirdness & Mutations

You cannot wear armour.
You are incapable of wielding weapons or throwing items.
Your paws allow you to move quietly. (Stealth)
You have sharp claws.
You have razor-sharp teeth.
You have supernaturally acute eyesight. (SInv)
You cover ground quickly.
You are covered in fur. (AC +1)
Your sharp claws are effective at attacking unaware monsters.


Message History

The jackal is moderately wounded.
The jackal completely misses you. The jackal bites you.
* * * LOW HITPOINT WARNING * * *
You closely miss the jackal. The jackal closely misses you.
You barely miss the jackal. Your bite misses the jackal.
The jackal completely misses you.
Unknown command.
You scratch the jackal. Your bite misses the jackal.
The jackal is almost dead.
The jackal completely misses you. The jackal misses you.
You closely miss the jackal.
The jackal is almost dead.
The jackal misses you.
You claw the jackal!
You kill the jackal!
You barely miss the jackal. The jackal misses you.
You scratch the jackal.
The jackal is severely wounded.
The jackal bites you.
You die...

#.##.# #.# #.##.# #)# #..).# #.#
####.# #.# #.# #.# .# #.# #.#
#.# #.# #.# #.#
###########.########.# #.#
....)..(...(....@hgh.# #.##
#######.###########..#######..##
#.# ####..#..h.h#..$## #.#
#.....h.###......# #.# #.##..#.#
#....... #.# # #..#.# #......#
#.# #..#.....#...#. #.#
#..##..####.g.. #..##..# #...


You could see 2 jackals and a goblin.

Vanquished Creatures
  A goblin (D:1)
  2 jackals (D:1)
  A kobold (D:1)
  2 bats (D:1)
  A frilled lizard (D:1)
  3 rats (D:1)
10 creatures vanquished.

Notes
Turn   | Place    | Note
-------+----------+-------------------------------------------
     0 | D:1      | dickylongcocking the Felid Monk began the quest for the
                  | Orb.
     0 | D:1      | Reached XP level 1. HP: 10/10 MP: 2/2
   418 | D:1      | Reached XP level 2. HP: 3/14 MP: 3/3
   430 | D:1      | Slain by a jackal

Illustrated notes

Levels and vault maps discovered:
D:1:      minmay_arrival_four_circles, layout_loops_ring, corexii_hall_statues_s

Action                   || total
-------------------------++-------
Melee: Unarmed           ||    31
       Bite              ||     2
  Use: Potion            ||     1
 Stab: Sleeping          ||     4
Armor: Skin              ||     2
Dodge: Dodged            ||    35

Table legend: (Time is in decaauts)
 A = Elapsed time spent in this place.
 B = Non-inter-level travel time spent in this place.
 C = Inter-level travel time spent in this place.
 D = Time resting spent in this place.
 E = Time spent auto-exploring this place.
 F = Levels seen in this place.
 G = Mean time per level.
                   A        B        C        D        E       F      G
               +--------+--------+--------+--------+--------+-----+--------+
         Total |    376 |    376 |      0 |    132 |    161 |   1 |  376.0 |
       Dungeon |    376 |    376 |      0 |    132 |    161 |   1 |  376.0 |
               +--------+--------+--------+--------+--------+-----+--------+

Top non-repeatable levels by time:
     D:1: 376 daAuts
